 Dungeon Crawl Stone Soup version 0.27.1-34-g3ba077fa99 (webtiles) character file.

Game seed: 2939166856157802999

97787 Labrat the Eclecticist (level 15, 0/126 HPs)
             Began as a Demigod Conjurer on Jan 28, 2022.
             Shot with a stone by a faun (16 damage)
             ... on level 1 of the Shoals on Jan 30, 2022.
             The game lasted 03:10:51 (35649 turns).

Labrat the Eclecticist (Demigod Conjurer)          Turns: 35649, Time: 03:10:52

Health: 0/126      AC:  7    Str: 12    XL:     15   Next: 28%
Magic:  28/48      EV: 13    Int: 42    God:
Gold:   2525       SH:  7    Dex: 12    Spells: 22/44 levels left

rFire    + . .     SeeInvis +   U - +12 rapier of Gueviu {vorpal, Contam +Rage rPois Will+}
rCold    + . .     Faith    .   S - +2 buckler {reflect}
rNeg     . . .     Spirit   .   N - +2 robe {Archmagi}
rPois    +         Reflect  +   E - +0 helmet {SInv}
rElec    .         Harm     .   Y - scarf {rC+ rF+}
rCorr    .         Rampage  .   C - +0 pair of gloves
Will     ++...     Archmagi +   X - +0 pair of boots
Stlth    +.........             x - amulet of magic regeneration
HPRegen  0.31/turn              i - +6 ring of intelligence
MPRegen  0.56/turn              y - ring of magical power

@: very slow
A: high mp 1, forlorn
a: Evoke Berserk Rage


You were on level 1 of the Shoals.
You visited 6 branches of the dungeon, and saw 26 of its levels.

You collected 2679 gold pieces.
You spent 154 gold pieces at shops.

Inventory:

Hand Weapons
 U - the +12 rapier of Gueviu (weapon) {vorpal, Contam +Rage rPois Will+}
   (You found it on level 3 of the Lair of Beasts)

   It inflicts extra damage upon your enemies.
   rPois:     It protects you from poison.
   +Rage:     It lets you go berserk.
   Contam:    It causes magical contamination when unequipped.
   Will:      It increases your willpower.
Missiles
 m - 21 javelins
 M - 15 curare-tipped darts
Armour
 C - a +0 pair of gloves (worn)
 E - a +0 helmet of see invisible (worn)
 N - a +2 robe of the Archmagi (worn)
 O - a +2 robe of resistance
 S - a +2 buckler of reflection (worn)
 X - a +0 pair of boots (worn)
 Y - a scarf of resistance (worn)
Jewellery
 h - an amulet of regeneration
 i - a +6 ring of intelligence (left hand)
 n - a ring of resist corrosion
 x - an amulet of magic regeneration (around neck)
 y - a ring of magical power (right hand)
 Q - a ring of positive energy
 W - a ring of protection from fire
Wands
 q - a wand of flame (131)
 r - a wand of digging (7)
 w - a wand of polymorph (15)
 K - a wand of paralysis (1)
 R - a wand of iceblast (28)
 V - a wand of acid (12)
Scrolls
 d - 6 scrolls of vulnerability
 f - 6 scrolls of fog
 g - a scroll of magic mapping
 j - 3 scrolls of immolation
 l - 11 scrolls of teleportation
 s - a scroll of fear
 t - 7 scrolls of acquirement
 v - 3 scrolls of holy word
 z - a scroll of summoning
 A - a scroll of enchant weapon
 F - 7 scrolls of blinking
 I - 4 scrolls of amnesia
Potions
 a - 5 potions of haste
 b - 7 potions of curing
 c - 6 potions of brilliance
 k - 3 potions of cancellation
 p - 2 potions of ambrosia
 u - 5 potions of flight
 D - 2 potions of resistance
 G - a potion of berserk rage {unknown}
 J - 3 potions of magic
 L - a potion of invisibility
 P - 4 potions of heal wounds
 Z - 2 potions of might {unknown}
Miscellaneous
 e - a tin of tremorstones (2/2)
 o - a box of beasts
 T - a phial of floods


   Skills:
 - Level 10.0 Fighting
 - Level 5.0 Dodging
 - Level 1.7 Stealth
 - Level 4.0 Shields
 - Level 15.0 Spellcasting
 + Level 14.3 Conjurations
 - Level 2.0 Hexes
 - Level 5.0 Translocations
 - Level 7.0 Evocations


You had 22 spell levels left.
You knew the following spells:

 Your Spells              Type           Power      Damage    Failure   Level
a - Magic Dart            Conj           100%       1d8       0%          1
b - Searing Ray           Conj           100%       3d7       0%          2
c - Dazzling Flash        Conj/Hex       100%       N/A       1%          3
d - Fulminant Prism       Conj/Hex       49%        3d21      1%          4
e - Iskenderun's Mystic   Conj/Tloc      100%       2d19      1%          4
f - Corona                Hex            71%        N/A       1%          1
g - Tukima's Dance        Hex            64%        N/A       1%          3
h - Passage of Golubria   Tloc           N/A        N/A       1%          4

Your spell library contained the following spells:

 Spells                   Type           Power      Damage    Failure   Level
 Animate Skeleton         Necr           94%        N/A       1%          1
 Apportation              Tloc           100%       N/A       1%          1
 Sandblast                Erth           94%        2d19      1%          1
 Summon Small Mammal      Summ           100%       N/A       1%          1
 Corpse Rot               Necr/Air       N/A        N/A       1%          2
 Ensorcelled Hibernation  Hex/Ice        100%       N/A       1%          2
 Passwall                 Tmut/Erth      39%        N/A       1%          2
 Slow                     Hex            64%        N/A       1%          2
 Confusing Touch          Hex            64%        N/A       1%          3
 Conjure Flame            Conj/Fire      95%        6-21      1%          3
 Sticky Flame             Conj/Fire      95%        2d10      1%          4
 Frozen Ramparts          Ice            94%        1d11      2%          3
 Ignite Poison            Fire/Tmut/Pois 47%        N/A       2%          3
 Spider Form              Tmut/Pois      23%        N/A       2%          3
 Vampiric Draining        Necr           23%        2d9       2%          3
 Animate Dead             Necr           23%        N/A       9%          4
 Dispel Undead            Necr           47%        3d18      9%          4
 Ice Form                 Ice/Tmut       47%        N/A       9%          4
 Summon Ice Beast         Ice/Summ       47%        N/A       9%          4
 Yara's Violent Unravell  Hex/Tmut       28%        3d12      17%         5
 Lee's Rapid Deconstruct  Erth           23%        3d14*     26%         5
 Death Channel            Necr           23%        N/A       80%         6
 Shadow Creatures         Summ           N/A        N/A       80%         6
 Malign Gateway           Summ/Tloc      34%        N/A       95%         7
 Haunt                    Necr/Summ      23%        N/A       100%        7
 Infestation              Necr           23%        N/A       100%        8
 Summon Horrible Things   Summ           23%        N/A       100%        8


Dungeon Overview and Level Annotations

Branches:
Dungeon (15/15)            Temple (1/1) D:5            Lair (6/6) D:9
 Shoals (1/4) Lair:4        Snake (1/4) Lair:2        Slime (0/5) Lair:6
    Orc (2/2) D:10            Elf (0/3) Orc:2        Vaults (0/5) D:13
 Depths (0/5) D:15

Shops:
D:12 (   D:15 :   Orc:2 [(?=[(![


Innate Abilities, Weirdness & Mutations

Your attributes grow dramatically as you level up.
You have an increased reservoir of magic. (+10% MP)
You shall have no god before yourself.


Message History

The merfolk impaler is knocked back by the mystic blast.
You hear a shout!
A merfolk comes into view. It is wielding a +0 trident.
A merfolk aquamancer comes into view.
It is wielding a +0 rapier of protection.
A water elemental comes into view.
A manticore comes into view.
A water elemental comes into view.
The water elemental moves out of view.
Casting: Iskenderun's Mystic Blast (safe; 1% risk of failure)
Confirm with . or Enter, or press ? or * to list all spells.
Aiming: Fulminant Prism (safe; 1% risk of failure)
Press: ? - help, Dir - move target, p - merfolk impaler You feel a surge of power!
You conjure a prism of explosive energy!
A fulminant prism comes into view.
A sea snake comes into view.
The merfolk aquamancer casts a spell.
The merfolk aquamancer blinks!
Casting: Fulminant Prism (safe; 1% risk of failure)
Confirm with . or Enter, or press ? or * to list all spells.
You feel a surge of power!
You erupt in a blast of force!
The mystic blast hits the merfolk impaler!!
You kill the merfolk impaler!
The mystic blast hits the merfolk aquamancer.
The merfolk aquamancer is lightly wounded.
The merfolk aquamancer is knocked back by the mystic blast.
A faun comes into view. It is wielding a +0 club.
The manticore flicks its tail.
The volley of spikes hits your fulminant prism!
A water elemental comes into view.
Your fulminant prism crackles loudly.
Unknown command.
Unknown command.
The faun unwields a +0 club.
The faun wields a +0 hunting sling.
The faun shoots a stone.
The stone barely misses you.
Your fulminant prism explodes!
The blast of energy engulfs the water elemental!!
The water elemental is heavily damaged.
The blast of energy engulfs the merfolk aquamancer!!
The merfolk aquamancer is heavily wounded.
The faun shoots a stone.
The stone hits you!
You die...

...≈≈≈≈ ≈≈.≈.
....≈≈≈≈. ......
.....≈≈≈≈≈. ....#
...m.≈≈≈≈.# ....#
....≈≈≈≈≈.###....#
≈≈≈≈≈≈≈≈≈≈.......#
..≈≈≈.≈≈≈≈≈...# #
...≈≈.≈≈≈≈≈@≈.##.##
#....≈≈≈≈≈..m...#
#.............)..
#.......?.).......
.......###.......##
...≈... #ES).....#
.)≈≈... #..EE.H...c
.≈≈≈≈.?..........≈≈
.≈≈≈≈≈.......$.#..≈


You could see a sea snake, a merfolk aquamancer, a faun, a manticore and 3 water
elementals.

Vanquished Creatures
  A merfolk impaler (Shoals:1)
  2 fire dragons
  The ghost of Zzerr the Fighter, a journeyman MiBe of Trog (D:11)
  An ice dragon (D:15)
  4 vault guards (D:13)
  2 boulder beetles
  9 hydras
  Fannar (Orc:1)
  Erolcha (D:13)
  A catoblepas (D:14)
  2 death knights (D:13)
  2 anacondas (Snake:1)
  Erica (D:9)
  A merfolk avatar (Lair:6)
  3 two-headed ogres
  10 death yaks
  2 tengu warriors (D:14)
  6 centaur warriors
  Sonja (D:11)
  3 orc high priests (Orc:2)
  Nergalle (Orc:1)
  A sea snake (Lair:6)
  5 skeletal warriors
  5 orc knights
  A necromancer (Lair:3)
  A deep elf pyromancer (D:14)
  2 harpies (Lair:6)
  An ugly thing (D:12)
  5 orc sorcerers
  4 oklob plants
  3 manticores
  10 cyclopes
  4 elephants
  4 black mambas
  Joseph (D:9)
  A gargoyle (D:12)
  A torpor snail (Lair:6)
  An eye of devastation (shapeshifter) (D:14)
  A molten gargoyle (D:14)
  12 cane toads
  5 rime drakes
  4 kobold demonologists
  2 unseen horrors (D:10)
  9 komodo dragons
  A yaktaur (shapeshifter) (D:13)
  A troll (shapeshifter) (D:14)
  A merfolk (Shoals:1)
  2 wind drakes (Lair:6)
  6 trolls
  A wolf spider simulacrum (D:14)
  6 polar bears
  Grinder (D:4)
  4 blink frogs (Lair:3)
  10 slime creatures
  A snapping turtle (Lair:6)
  6 wyverns
  A redback (shapeshifter) (D:13)
  A wraith (D:13)
  Sigmund (D:2)
  51 yaks
  3 water elementals (D:14)
  2 basilisks
  A vampire (D:11)
  4 steam dragons
  3 wargs
  Edmund (D:5)
  6 vampire mosquitoes
  A naga (Snake:1)
  2 acid dragons
  8 water moccasins
  Duvessa (D:4)
  An ice beast (D:7)
  22 orc warriors
  A sky beast (D:6)
  2 black bears
  2 ogres (Orc:2)
  26 wolves
  5 necrophages (D:12)
  5 boggarts (D:15)
  15 centaurs
  A phantom (D:5)
  11 kobold brigands
  Blork the orc (D:3)
  12 bullfrogs
  A gnoll sergeant (D:10)
  2 scorpions
  Dowan (D:4)
  6 killer bees
  12 wights
  5 howler monkeys
  7 electric eels
  A bullfrog zombie (D:6)
  5 hounds
  7 centaur zombies
  15 orc priests
  A gnoll shaman (D:6)
  A centaur skeleton (D:6)
  3 jellies
  Terence (D:2)
  2 iguanas (D:5)
  27 orc wizards
  3 killer bee zombies
  2 yak simulacra (Lair:3)
  2 polar bear simulacra (Lair:3)
  3 wolf simulacra (Lair:3)
  3 mummies (D:12)
  11 gnolls
  8 adders
  A shadow imp (D:3)
  2 ufetubi
  2 adder skeletons (D:4)
  2 worms
  3 dart slugs
  86 orcs
  6 ball pythons
  4 bats
  6 endoplasms
  2 giant cockroaches
  9 goblins
  9 hobgoblins
  5 jackals (D:1)
  2 quokkas
  5 frilled lizards
  26 kobolds
  6 rats
  4 river rat simulacra (Lair:3)
677 creatures vanquished.

Vanquished Creatures (collateral kills)
  An orc warlord (Orc:2)
1 creature vanquished.

Vanquished Creatures (others)
  An orc (Orc:2)
  2 bushes
  224 fulminant prisms
  52 fungi
  92 plants
  11 withered plants (D:12)
382 creatures vanquished.

Grand Total: 1060 creatures vanquished

Notes
Turn   | Place    | Note
-------+----------+-------------------------------------------
     0 | D:1      | Labrat the Demigod Conjurer began the quest for the Orb.
     0 | D:1      | Reached XP level 1. HP: 14/14 MP: 5/5
   356 | D:1      | Reached skill level 2 in Spellcasting
   729 | D:1      | Reached XP level 2. HP: 20/20 MP: 4/7
   734 | D:1      | Learned a level 2 spell: Searing Ray
   976 | D:1      | Reached XP level 3. HP: 26/26 MP: 7/9
  1627 | D:2      | Noticed Terence
  1809 | D:2      | Noticed Sigmund
  1920 | D:2      | Killed Terence
  1921 | D:2      | Reached skill level 3 in Spellcasting
  1921 | D:2      | Reached XP level 4. HP: 29/33 MP: 0/11
  3884 | D:4      | Noticed Blork the orc
  3895 | D:3      | Killed Blork the orc
  3896 | D:3      | Reached skill level 4 in Spellcasting
  3896 | D:3      | Reached skill level 5 in Conjurations
  3896 | D:3      | Reached XP level 5. HP: 7/38 MP: 1/14
  4000 | D:4      | Noticed Grinder
  4102 | D:4      | Noticed Duvessa
  4136 | D:4      | Killed Duvessa
  4137 | D:4      | Reached XP level 6. HP: 39/45 MP: 7/16
  4168 | D:4      | Noticed Dowan
  4174 | D:4      | Killed Dowan
  4175 | D:4      | Reached skill level 5 in Spellcasting
  4312 | D:4      | Reached skill level 1 in Fighting
  4349 | D:4      | Killed Grinder
  4350 | D:4      | Reached XP level 7. HP: 43/57 MP: 1/17
  5392 | D:5      | Entered Level 5 of the Dungeon
  5479 | D:5      | Reached skill level 5 in Fighting
  5590 | D:5      | Found a staircase to the Ecumenical Temple.
  5595 | Temple   | Entered the Ecumenical Temple
  5963 | D:6      | Noticed Edmund
  5970 | D:5      | Learned a level 3 spell: Dazzling Flash
  6087 | D:5      | Killed Edmund
  6244 | D:5      | Reached XP level 8. HP: 62/68 MP: 12/20
  6379 | D:2      | Killed Sigmund
  6380 | D:2      | Reached skill level 6 in Spellcasting
  7153 | D:6      | Identified 2 scrolls of acquirement
  7242 | D:7      | Reached skill level 7 in Spellcasting
  7358 | D:7      | Reached XP level 9. HP: 71/74 MP: 18/23
  7395 | D:7      | Identified the +6 rapier of Wachid {speed, rF+ rN++}
  8093 | D:7      | You fall into a shaft and drop 1 floor!
  8109 | D:8      | Reached skill level 8 in Spellcasting
  8237 | D:8      | Reached skill level 9 in Spellcasting
  8731 | D:8      | Noticed a kobold demonologist
  8814 | D:8      | Killed a kobold demonologist
  9567 | D:9      | Found a staircase to the Lair.
  9567 | D:9      | Noticed a death yak
  9567 | D:9      | Noticed Erica
  9567 | D:9      | Noticed a two-headed ogre
  9577 | D:9      | Reached XP level 10. HP: 58/81 MP: 19/27
  9669 | D:9      | Noticed a rust devil
  9863 | D:8      | Killed a death yak
  9864 | D:8      | Reached skill level 10 in Spellcasting
  9954 | D:9      | Noticed Joseph
 10078 | D:9      | Killed Joseph
 10111 | D:9      | Reached skill level 10 in Conjurations
 10116 | D:9      | Learned a level 4 spell: Fulminant Prism
 10121 | D:9      | Learned a level 4 spell: Iskenderun's Mystic Blast
 10380 | D:9      | Noticed a rust devil
 10384 | D:9      | Noticed a rust devil
 10799 | D:9      | Killed Erica
 10808 | D:9      | Killed a two-headed ogre
 10809 | D:9      | Reached XP level 11. HP: 86/86 MP: 6/30
 11288 | D:10     | Entered Level 10 of the Dungeon
 11607 | D:10     | Learned a level 1 spell: Corona
 11621 | D:10     | Reached skill level 5 in Dodging
 11773 | D:10     | Found a staircase to the Orcish Mines.
 11793 | D:10     | Reached skill level 11 in Spellcasting
 12054 | D:10     | Noticed an orc knight
 12426 | D:10     | Killed an orc knight
 12432 | D:10     | Learned a level 3 spell: Tukima's Dance
 12437 | D:10     | Learned a level 4 spell: Passage of Golubria
 12911 | Lair:1   | Entered Level 1 of the Lair of Beasts
 12915 | Lair:1   | Reached skill level 1 in Translocations
 13076 | Lair:1   | Reached skill level 12 in Spellcasting
 14515 | Lair:2   | Noticed a four-headed hydra
 14534 | Lair:2   | Found a staircase to the Snake Pit.
 14609 | Lair:2   | Reached skill level 5 in Translocations
 14737 | Lair:2   | Reached skill level 1 in Hexes
 14738 | Lair:2   | Noticed a seven-headed hydra
 14988 | Lair:2   | Killed a seven-headed hydra
 14989 | Lair:2   | Reached XP level 12. HP: 95/95 MP: 8/32
 15192 | Lair:2   | Killed a four-headed hydra
 15193 | Lair:2   | Reached skill level 1 in Evocations
 16056 | Lair:3   | Noticed a four-headed hydra
 16063 | Lair:3   | Killed a four-headed hydra
 16082 | Lair:3   | Identified the +12 rapier of Gueviu {vorpal, Contam +Rage
                  | rPois Will+}
 16534 | Lair:3   | Reached skill level 1 in Shields
 17462 | Lair:4   | Noticed a seven-headed hydra
 17472 | Lair:4   | Killed a seven-headed hydra
 17773 | Lair:4   | Noticed a boulder beetle
 17794 | Lair:4   | Killed a boulder beetle
 18030 | Lair:4   | Noticed a six-headed hydra
 18039 | Lair:4   | Killed a six-headed hydra
 18310 | Lair:4   | Reached XP level 13. HP: 88/107 MP: 0/33
 18541 | Lair:4   | Reached skill level 5 in Evocations
 18656 | Lair:4   | Found a staircase to the Shoals.
 20055 | Lair:6   | Entered Level 6 of the Lair of Beasts
 20487 | Lair:6   | Found a staircase to the Slime Pits.
 21350 | Lair:6   | Reached skill level 10 in Fighting
 22310 | Lair:6   | Identified the +4 trident of Laywk {antimagic, *Slow +Rage
                  | rF+ Will+}
 22867 | Orc:1    | Entered Level 1 of the Orcish Mines
 23087 | Orc:1    | Noticed Nergalle
 23099 | Orc:1    | Killed Nergalle
 23108 | Orc:1    | Noticed Fannar
 23126 | Orc:1    | Killed Fannar
 23809 | Orc:2    | Entered Level 2 of the Orcish Mines
 24143 | Orc:2    | Found Plog's Armour Shoppe.
 24235 | Orc:2    | Found a staircase to the Elven Halls.
 24392 | Orc:2    | Reached XP level 14. HP: 121/121 MP: 13/36
 24410 | Orc:2    | Reached skill level 13 in Spellcasting
 24702 | Orc:2    | Found Xoaxadeu's Magic Scroll Boutique.
 24702 | Orc:2    | Found Susoweph's Distillery.
 24704 | Orc:2    | Found Dionon's Antique Weapon Emporium.
 24704 | Orc:2    | Found Qaudeg's Antique Armour Boutique.
 24732 | Orc:2    | Bought a scroll of fear for 49 gold pieces
 24732 | Orc:2    | Bought a scroll of blinking for 105 gold pieces
 24764 | Orc:2    | Found Boefia's Weapon Shoppe.
 24960 | Orc:2    | Found Micefyth's Jewellery Emporium.
 24965 | Orc:2    | Found Tuahu's Armour Boutique.
 24980 | Orc:2    | Found Canog's Assorted Antiques.
 24998 | Orc:2    | Noticed an orc warlord
 25018 | Orc:2    | Killed an orc warlord
 25532 | D:11     | Found a gate leading to a gauntlet.
 25536 | D:11     | You fall into a shaft and drop 2 floors!
 25540 | D:12     | Found Zixaun's Weapon Shop.
 25986 | D:13     | Reached skill level 14 in Spellcasting
 26268 | D:11     | Found a runed translucent gate.
 26268 | D:11     | Found a runed translucent gate.
 26272 | D:11     | Found a runed translucent gate.
 26293 | D:11     | Noticed Zzerr's ghost (journeyman MiBe)
 26316 | D:11     | Noticed Sonja
 26329 | D:11     | Killed Sonja
 28913 | D:13     | Reached skill level 15 in Spellcasting
 29342 | D:13     | Noticed Erolcha
 29667 | D:13     | Found a gate to the Vaults.
 31132 | D:14     | Reached XP level 15. HP: 19/126 MP: 37/39
 32235 | D:15     | Entered Level 15 of the Dungeon
 32918 | D:15     | Found Seomiqol's Book Emporium.
 33281 | D:15     | Found a staircase to the Depths.
 34710 | D:13     | Killed Erolcha
 34860 | D:11     | Killed Zzerr's ghost
 35199 | Snake:1  | Entered Level 1 of the Snake Pit
 35632 | Shoals:1 | Entered Level 1 of the Shoals
 35649 | Shoals:1 | Shot with a stone by a faun

Illustrated notes

Levels and vault maps discovered:
D:1:      lemuel_arrival_broad_hall, layout_basic, serial_co_window_serial,
          co_window_cross_1, co_window_paths_b, co_window_corner_a,
          co_window_corner_a, co_window_paths_b, co_window_corner_a,
          co_window_corner_a, co_window_corner_a, co_window_paths_b,
          co_window_2corner, co_window_2corner, co_window_corner_ca,
          co_window_2corner, co_window_of_opportunity_b, co_window_paths_d,
          glass_columns_b, glass_columns_a, glass_columns_a, glass_columns_a,
          shapermc_ecumenical_altar_hornbeckon
D:2:      layout_loops_cross, chequers_serial_rivers_large_a, chequers_avenue,
          amcnicky_mini_rare_corridor_liquid, uniq_sigmund, uniq_terence
D:3:      layout_basic
D:4:      layout_loops_ring, due_unseen_surprise, uniq_grinder,
          uniq_blork_the_orc, uniq_duvessa
D:5:      layout_rooms, minmay_temple_entry_wispy
D:6:      layout_rooms, uniq_edmund
D:7:      layout_loops_ring, nicolae_tso_swordbearing_angel
D:8:      layout_loops_cross, corexii_corridor_pit, st_stairs_12,
          minmay_misc_feat_cross
D:9:      layout_loops_ring, david_lair_generic, uniq_erica, uniq_joseph
D:10:     cheibrodos_two_vegetables, layout_irregular_city,
          minmay_orc_entry_guard_dogs
D:11:     layout_roguey, gauntlet_entry_generic, gammafunk_ghost_split,
          uniq_sonja
D:12:     layout_roguey, serial_undead, serial_undead_b, serial_undead_a,
          serial_undead_a, serial_undead_b, serial_undead_c, serial_undead_e,
          nicolae_take_the_stairs, grunt_ministairs_11
D:13:     layout_loops_cross, lightli_vaults_fourway_checkpoint, uniq_erolcha
D:14:     layout_loops_ring, chequers_big_river, nicolae_lava_and_water
D:15:     grunt_enter_depths_hoard, layout_loops_ring, serial_shops, shop,
          serial_park_paths [serial_park_minivault_5x5_8],
          nicolae_wu_jian_immortal_techniques
Temple:   dpeg_three_leaves_temple
Lair:1:   layout_layer_cave, st_stairs_7, lemuel_fruit_fields
Lair:2:   layout_layer_cave, dummy_snake_entry
Lair:3:   layout_layer_cave, eino_house_with_fridge, lemuel_fruit_tree,
          minmay_lair_oklob_chamber
Lair:4:   layout_layer_cave, shoals_dummy_entry, nzn_sisyphean_effort
Lair:5:   layout_regular_city, infiniplex_staircase_pool_2, grunt_megastairs_1
Lair:6:   gammafunk_lair_ancient_temple, layout_regular_city, slime_altar_1,
          serial_bayou_shore_b
Shoals:1: layout_shoals, uniq_roxanne
Snake:1:  layout_misc_corridors, uniq_frances
Orc:1:    layout_caves, nicolae_orc_flooded_monolith, uniq_fannar, uniq_nergalle
Orc:2:    grunt_orc_tribal_feast, layout_caves, serial_shops,
          nicolae_shop_waterfront, shop, shop, shop, shop, special_room

Skill      XL: |  1  2  3  4  5  6  7  8  9 10 11 12 13 14 15 |
---------------+----------------------------------------------+-----
Spellcasting   | 2 3 4 5 7 9 10 12 15 | 15.0
Conjurations   | 4 5 7 8 10 11 12 13 14 | 14.3
Fighting       | 3 5 7 10 | 10.0
Dodging        | 4 5 |  5.0
Translocations | 5 |  5.0
Hexes          | 2 |  2.0
Evocations     | 4 7 |  7.0
Shields        | 3 4 |  4.0
Stealth        | |  1.7

Action                   |  1- 3 |  4- 6 |  7- 9 | 10-12 | 13-15 || total
-------------------------+-------+-------+-------+-------+-------++-------
Melee: Short sword       |     4 |       |       |       |       ||     4
       Rapier            |       |     1 |    10 |    16 |    85 ||   112
       Flail             |       |       |     2 |       |       ||     2
       Trident           |       |       |     3 |       |       ||     3
Throw: Dart              |       |       |       |     6 |     1 ||     7
 Cast: Magic Dart        |    63 |    58 |   145 |    33 |    81 ||   380
       Searing Ray       |     6 |    13 |    63 |   107 |   140 ||   329
       Dazzling Flash    |       |       |     1 |    10 |     1 ||    12
       Fulminant Prism   |       |       |       |    55 |   169 ||   224
       Iskenderun's Myst |       |       |       |    33 |   127 ||   160
       Corona            |       |       |       |     3 |       ||     3
       Tukima's Dance    |       |       |       |       |     4 ||     4
Evoke: Wand              |       |     1 |       |     3 |    13 ||    17
       Box of beasts     |       |       |       |     2 |     1 ||     3
       Phial of floods   |       |       |       |     1 |     3 ||     4
  Use: Scroll            |       |       |     8 |    10 |    11 ||    29
       Potion            |       |       |       |       |     1 ||     1
 Stab: Sleeping          |       |     1 |       |       |       ||     1
       Paralysed         |       |       |       |       |     4 ||     4
Armor: Robe              |     2 |     2 |    12 |    61 |    48 ||   125
Dodge: Dodged            |    13 |    11 |    55 |   172 |   158 ||   409
Block: Buckler           |       |       |       |       |    67 ||    67
       Reflection        |       |       |       |       |    22 ||    22
